 Seeded DCSS version 0.30-a0-1066-g63dfefce0d (webtiles) character file.

Game seed: 13212868367897651610 (custom seed)

7438 Hubris850 the Scholar of Death (level 10, -8/63 HPs)
             Began as a Vampire Necromancer on Apr 12, 2023.
             Was a Follower of Kikubaaqudgha.
             Mangled by a molten gargoyle
             ... wielding a +0 mace
              (11 damage)
             ... on level 9 of the Dungeon.
             The game lasted 00:28:09 (7477 turns).

Hubris850 the Scholar of Death (VpNe)               Turns: 7477, Time: 00:28:09

Health: -8/63      AC: 10    Str: 16    XL:     10   Next: 93%
Magic:  22/22      EV: 13    Int: 19    God:    Kikubaaqudgha [*.....]
Gold:   437        SH:  7    Dex: 18    Spells: 8/25 levels left

rFire   . . .      SeeInvis +    p - +6 dagger of the Endless Knives {pain, Contam rElec Will+ Str+3}
rCold   . . .      Faith    .    u - +2 buckler
rNeg    . . .      Spirit   .    H - +0 steam dragon scales
rPois   .          Reflect  .    s - +2 hat
rElec   +          Rampage  .    c - +1 cloak
rCorr   .                        M - +0 pair of gloves
Will    ++...                    (no boots)
Stlth   +++                      (no amulet)
HPRegen 0.50/turn                h - +6 ring of strength
MPRegen 0.18/turn                (no ring)

@: healing quickly
A: alive, fangs 3, see invisible, vampiric 2
a: Exsanguinate, Renounce Religion, Unearth Wretches


You were on level 9 of the Dungeon.
You worshipped Kikubaaqudgha.
Kikubaaqudgha was aware of your devotion.
You visited 1 branch of the dungeon, and saw 9 of its levels.

You collected 437 gold pieces.

Inventory:

Hand Weapons
 d - a +0 dagger
 p - the +6 dagger of the Endless Knives (weapon) {pain, Contam rElec Will+ Str+3}
   (You found it on level 2 of the Dungeon)

   Str:       It affects your strength (+3).
   rElec:     It insulates you from electricity.
   Contam:    It causes magical contamination when unequipped.
   Will:      It increases your willpower.
 y - a +1 dagger of venom
Missiles
 j - 6 boomerangs
 q - 4 poisoned darts
Armour
 a - a +0 robe
 c - a +1 cloak (worn)
 n - a +0 kite shield
 s - a +2 hat (worn)
 u - a +2 buckler (worn)
 H - +0 steam dragon scales (worn)
 M - a +0 pair of gloves (worn)
Magical Staves
 g - a staff of fire
 J - a staff of death
Jewellery
 h - a +6 ring of strength (left hand)
 D - an amulet of the acrobat
Wands
 A - a wand of charming (9)
 F - a wand of mindburst (9)
 I - a wand of roots (20)
Scrolls
 e - 2 scrolls of enchant weapon
 l - a scroll of magic mapping {unknown}
 m - a scroll of vulnerability {unknown}
 r - 2 scrolls of fear {unknown}
 t - a scroll of noise {unknown}
 v - 2 scrolls of immolation {unknown}
 G - a scroll of enchant armour {unknown}
Potions
 b - a potion of magic
 f - a potion of cancellation
 i - a potion of haste
 o - a potion of heal wounds
 x - 2 potions of attraction
 z - a potion of resistance
 B - 3 potions of brilliance {unknown}
 C - 3 potions of curing
 E - a potion of lignification {unknown}
 K - a potion of degeneration {unknown}
 L - a potion of ambrosia {unknown}


   Skills:
 - Level 10.0 Short Blades
 - Level 3.0 Dodging
 - Level 6.0 Stealth
 - Level 4.0 Shields
 + Level 8.0 Spellcasting
 + Level 11.5 Necromancy


You had 8 spell levels left.
You knew the following spells:

 Your Spells              Type           Power      Damage    Failure   Level
a - Necrotise             Necr           100%       1d9       1%          1
b - Passwall              Tmut/Erth      5%         N/A       17%         2
c - Animate Dead          Necr           51%        N/A       1%          4
d - Vampiric Draining     Necr           51%        2d9       1%          3
e - Agony                 Necr           51%        N/A       2%          5
f - Ensorcelled Hibernat  Hex/Ice        14%        N/A       17%         2

Your spell library contained the following spells:

 Spells                   Type           Power      Damage    Failure   Level
 Kiss of Death            Conj/Necr      100%       2d13      1%          1
 Cigotuvi's Dreadful Rot  Necr/Pois/Air  44%        N/A       3%          2
 Shock                    Conj/Air       28%        1d4       12%         1
 Swiftness                Air            7%         N/A       34%         3
 Airstrike                Air            3%         2d(1-17)  75%         4


Dungeon Overview and Level Annotations

Branches:
Dungeon (9/15)             Temple (0/1) D:6
   Lair: D:8-11         Orc: D:9-12

Altars:
Ashenzari
Kikubaaqudgha
Trog

Shops:
D:7 :   D:9 :

Annotations:
D:4 Pikel, Sigmund
D:7 exclusion: door


Innate Abilities, Weirdness & Mutations

Your natural rate of healing is accelerated.
You have razor-sharp teeth.
You have supernaturally acute eyesight. (SInv)
You are afflicted with vampirism and can become a bat while bloodless.


Message History

Found an escape hatch in the ceiling.
An orc wizard comes into view. It is wielding a +0 dagger.
A molten gargoyle comes into view. It is wielding a +0 mace.
An orc and a centaur come into view.
An orc warrior comes into view. It is wielding a +0 flail.
The molten gargoyle barely misses you.
The orc moves out of view.
The orc wizard shouts!
You hear a shout!
You hear an angry buzzing noise. x2
The orc wizard mumbles some strange words.
The orc wizard flickers and vanishes for a moment.
The molten gargoyle hits you with a +0 mace.
You are engulfed in flames!
The centaur shouts!
A killer bee comes into view.
The molten gargoyle barely misses you.
Your yak zombie gores the molten gargoyle but does no damage.
The killer bee moves out of view.
There is an escape hatch in the ceiling here.
You hit the molten gargoyle.
The molten gargoyle is lightly damaged.
The molten gargoyle blasts magma at you!
The bolt of magma misses you.
The bolt of magma hits your yak zombie!!
A bolt of magma appears from out of your range of vision.
You hit the molten gargoyle but do no damage.
The molten gargoyle is lightly damaged.
You barely miss the molten gargoyle.
The molten gargoyle is lightly damaged.
Your yak zombie gores the molten gargoyle but does no damage.
An orc comes into view. It is wielding a +0 flail.
A killer bee comes into view.
The molten gargoyle hits you with a +0 mace!!
You are engulfed in flames!
* * * LOW HITPOINT WARNING * * *
Unknown command.
Your yak zombie gores the molten gargoyle but does no damage.
The molten gargoyle hits you with a +0 mace!
* * * LOW HITPOINT WARNING * * *
You are engulfed in flames!
You die...
Kikubaaqudgha rasps: "You have failed me!
Welcome... death!"

.. .. #.. #..
########### #..
##..@.o..y.. #:>#
###Z#9#9#.#.#.
#..######..#Z#.#o#.
#.........#ZZ.§.≈..
####.........#.≈≈§≈≈§o
#.......#.###.≈§≈§≈§≈o#
.#######..# #.§≈88≈≈cO#
.#.....#..# ..≈≈88≈§.#.
.#.∩.>.#..# #.≈§≈§§§§c


You could see a two-headed ogre, 2 molten gargoyles, an orc warrior, a centaur,
a killer bee, an orc wizard (invisible), 2 orcs, 3 friendly yak zombies and a
friendly wyvern zombie.

Vanquished Creatures
  2 two-headed ogres
  An elephant (D:9)
  Maggie (D:8)
  An unseen horror (D:7)
  3 wyverns
  8 yaks
  An acid dragon (D:8)
  3 water moccasins
  An ogre (D:5)
  2 black bears
  A sky beast (D:8)
  3 wolves (D:8)
  4 centaurs
  3 lemures (D:4)
  4 phantoms
  3 bullfrogs
  2 scorpions
  2 gnoll sergeants
  A howler monkey (D:5)
  A jelly (D:6)
  3 orc priests
  3 hounds
  2 iguanas (D:6)
  A sleepcap (D:5)
  3 orc wizards
  14 gnolls
  11 adders
  An ufetubus (D:4)
  2 worms
  14 orcs
  6 endoplasms
  3 giant cockroaches
  6 goblins
  6 hobgoblins
  A jackal (D:7)
  A quokka (D:3)
  11 ball pythons
  8 bats
  4 frilled lizards
  14 kobolds
  6 rats
167 creatures vanquished.

Vanquished Creatures (collateral kills)
  Prince Ribbit (D:8)
  A wraith (D:7)
  4 yaks
  Grum (D:8)
  An iguana (D:5)
  A gnoll (D:4)
  An orc (D:5)
10 creatures vanquished.

Vanquished Creatures (others)
  An elephant zombie (D:9)
  A yak zombie (D:9)
  A bullfrog zombie (D:9)
  A black bear zombie (D:9)
  A scorpion zombie (D:7)
  An ogre zombie (D:5)
  2 adder zombies
  4 gnoll zombies (D:9)
  A jackal zombie (D:7)
  6 orc zombies
  A plant (D:7)
20 creatures vanquished.

Grand Total: 197 creatures vanquished

Notes
Turn   | Place    | Note
-------+----------+-------------------------------------------
     0 | D:1      | Hubris850 the Vampire Necromancer began the quest for the
                  | Orb.
     0 | D:1      | Reached XP level 1. HP: 13/13 MP: 3/3
   255 | D:1      | Reached XP level 2. HP: 19/19 MP: 1/5
   609 | D:1      | Reached skill level 1 in Short Blades
   970 | D:2      | Gained mutation: You are afflicted with vampirism and can
                  | become a bat while bloodless. [Vampire growth]
   970 | D:2      | Reached XP level 3. HP: 24/24 MP: 4/6
  1227 | D:2      | Identified the +6 dagger of the Endless Knives {pain,
                  | Contam rElec Will+ Str+3}
  2072 | D:3      | Reached skill level 5 in Stealth
  2080 | D:3      | Reached XP level 4. HP: 25/30 MP: 1/7
  2235 | D:3      | Found a bloodstained altar of Trog.
  2856 | D:4      | Noticed Sigmund
  2865 | D:4      | Learned a level 2 spell: Passwall
  2907 | D:4      | Reached XP level 5. HP: 35/35 MP: 8/8
  2948 | D:4      | Noticed a lemure
  2958 | D:4      | Noticed a lemure
  2967 | D:4      | Noticed Pikel
  2967 | D:4      | Noticed a lemure
  2967 | D:4      | Noticed a lemure
  2967 | D:4      | Killed a lemure
  3017 | D:4      | Killed a lemure
  3025 | D:4      | Killed a lemure
  3462 | D:4      | Noticed a phantom
  3482 | D:4      | Killed a phantom
  3483 | D:4      | Reached skill level 1 in Shields
  3579 | D:4      | Reached XP level 6. HP: 30/41 MP: 3/9
  3585 | D:4      | Reached skill level 5 in Necromancy
  4146 | D:5      | Entered Level 5 of the Dungeon
  4184 | D:5      | Learned a level 4 spell: Animate Dead
  4222 | D:5      | Found an ancient bone altar of Kikubaaqudgha.
  4230 | D:5      | Became a worshipper of Kikubaaqudgha
  4305 | D:5      | Reached XP level 7. HP: 46/46 MP: 10/10
  4418 | D:5      | Reached skill level 5 in Short Blades
  4479 | D:5      | Reached skill level 6 in Necromancy
  4532 | D:5      | Found a broken altar of Ashenzari.
  5164 | D:6      | Found a staircase to the Ecumenical Temple.
  5178 | D:6      | Reached XP level 8. HP: 45/52 MP: 11/11
  5247 | D:6      | Reached skill level 7 in Necromancy
  5509 | D:6      | Reached * piety under Kikubaaqudgha
  5509 | D:6      | Received a gift from Kikubaaqudgha
  5900 | D:7      | Noticed an unseen horror
  5906 | D:7      | Noticed a two-headed ogre
  5909 | D:7      | Noticed a deep elf pyromancer
  5998 | D:7      | Killed a two-headed ogre
  5999 | D:7      | Reached skill level 8 in Necromancy
  5999 | D:7      | Reached XP level 9. HP: 45/57 MP: 13/15
  6018 | D:7      | Killed an unseen horror
  6049 | D:7      | Reached skill level 5 in Spellcasting
  6160 | D:7      | Found Feed Goy's Self-Improvement Boutique.
  6178 | D:7      | Reached skill level 9 in Necromancy
  6324 | D:7      | Reached XP level 10. HP: 52/63 MP: 19/19
  6489 | D:8      | Noticed Grum
  6549 | D:8      | Killed Grum
  6567 | D:8      | Reached skill level 10 in Necromancy
  6628 | D:8      | Noticed Prince Ribbit
  6646 | D:8      | Killed Prince Ribbit
  6727 | D:8      | Learned a level 3 spell: Vampiric Draining
  6733 | D:8      | Learned a level 5 spell: Agony
  6736 | D:8      | Learned a level 2 spell: Ensorcelled Hibernation
  6786 | D:8      | Noticed Maggie
  6791 | D:8      | Killed Maggie
  6972 | D:8      | Noticed a two-headed ogre
  6982 | D:8      | Killed a two-headed ogre
  6983 | D:8      | Reached skill level 10 in Short Blades
  7220 | D:9      | Noticed an elephant
  7244 | D:9      | Killed an elephant
  7245 | D:9      | Reached skill level 11 in Necromancy
  7402 | D:9      | Found Ofuf's Book Emporium.
  7457 | D:9      | Noticed a molten gargoyle
  7463 | D:9      | Noticed a molten gargoyle
  7469 | D:9      | Noticed a molten gargoyle
  7477 | D:9      | Noticed a two-headed ogre
  7477 | D:9      | HP: 3/63 [molten gargoyle/+0 mace (15)]
  7477 | D:9      | Mangled by a molten gargoyle

Illustrated notes

Levels and vault maps discovered:
D:1:      lightli_arrival_noodles, layout_loops_ring, minmay_split_cup_small
D:2:      layout_basic, minmay_misc_feat_rows, nrook_campfire
D:3:      layout_loops_corners, lightli_temple_of_fire, minmay_misc_feat_alley
D:4:      layout_basic, uniq_pikel, uniq_sigmund
D:5:      layout_loops_ring, nicolae_overflow_crystal_walls,
          chequers_temple_overflow_statue_of_worship,
          hangedman_abyss_or_decor_lesser_grid,
          amcnicky_mini_rare_corridor_liquid, kennysheep_flooded_box
D:6:      layout_rooms, minmay_temple_entry_stoned_glass,
          dreamdust_princess_bridge
D:7:      minmay_the_grid_triangle_9x9_rhombus_thin
          [minmay_the_grid_triangle_9x9_checkered,
          minmay_the_grid_triangle_9x9_prize_center,
          minmay_the_grid_triangle_9x9_shrine,
          minmay_the_grid_triangle_9x9_impossible_snake], layout_gridville,
          nicolae_shop_self_help
D:8:      layout_rooms, chequers_mini_garden, uniq_maggie, uniq_grum,
          uniq_prince_ribbit1
D:9:      layout_layer_cave, david_lair_generic, serial_shops,
          nicolae_take_the_stairs, minivault_8, uniq_erica, uniq_maurice

Skill      XL: |  1  2  3  4  5  6  7  8  9 10 |
---------------+-------------------------------+-----
Stealth        | 4 5 6 |  6.0
Short Blades   | 1 2 3 4 5 7 9 10 | 10.0
Dodging        | 3 |  3.0
Shields        | 1 2 4 |  4.0
Necromancy     | 5 6 8 9 11 | 11.5
Spellcasting   | 4 6 8 |  8.0

Action                     |  1- 3 |  4- 6 |  7- 9 | 10-12 || total
---------------------------+-------+-------+-------+-------++-------
  Melee: Dagger            |    55 |   110 |   168 |   119 ||   452
         Bite              |     1 |    11 |    23 |    16 ||    51
  Throw: Dart              |       |    11 |     4 |       ||    15
   Cast: Necrotise         |    30 |    27 |    10 |       ||    67
         Passwall          |       |     1 |     2 |     1 ||     4
         Animate Dead      |       |     1 |     3 |     3 ||     7
         Vampiric Draining |       |       |       |     1 ||     1
 Invoke: Unearth Wretches  |       |       |     1 |       ||     1
  Evoke: Wand              |       |     1 |     7 |     3 ||    11
    Use: Scroll            |       |     5 |     2 |     1 ||     8
         Potion            |       |     2 |       |       ||     2
   Stab: Sleeping          |    12 |    13 |     8 |     1 ||    34
         Distracted        |       |     2 |       |     2 ||     4
         Invisible         |       |       |     5 |     1 ||     6
         Paralysed         |       |       |     2 |       ||     2
 Armour: Robe              |    22 |    17 |    46 |     6 ||    91
         Steam dragon scal |       |       |       |    14 ||    14
  Dodge: Dodged            |    27 |    50 |    68 |    38 ||   183
  Block: Buckler           |       |    18 |    44 |    34 ||    96

Table legend: (Time is in decaauts)
 A = Elapsed time spent in this place.
 B = Non-inter-level travel time spent in this place.
 C = Inter-level travel time spent in this place.
 D = Time resting spent in this place.
 E = Time spent auto-exploring this place.
 F = Levels seen in this place.
 G = Mean time per level.
                   A        B        C        D        E       F      G
               +--------+--------+--------+--------+--------+-----+--------+
         Total |   7355 |   7079 |    276 |    435 |   4897 |   9 |  817.2 |
       Dungeon |   7355 |   7079 |    276 |    435 |   4897 |   9 |  817.2 |
               +--------+--------+--------+--------+--------+-----+--------+

Top non-repeatable levels by time:
     D:4: 1369 daAuts
     D:3: 998 daAuts
     D:1: 899 daAuts
     D:2: 861 daAuts
     D:5: 846 daAuts
     D:8: 731 daAuts
     D:6: 726 daAuts
     D:7: 671 daAuts
     D:9: 250 daAuts
